 Dungeon Crawl Stone Soup version 0.30-a0-165-g1891117ce2 (webtiles) character file.

Game seed: 440044414132363499

13276 qw the Cleaver (level 12, -7/79 HPs)
             Began as a Gargoyle Fighter on Sept 28, 2022.
             Was an Elder of Okawaru.
             Mangled by an acid dragon (8 damage)
             ... on level 11 of the Dungeon.
             The game lasted 00:05:15 (15069 turns).

qw the Cleaver (Gargoyle Fighter)                  Turns: 15069, Time: 00:05:15

Health: -7/79      AC: 11    Str: 26    XL:     12   Next: 4%
Magic:  18/19      EV: 10    Int: 11    God:    Okawaru [****..]
Gold:   619        SH:  6    Dex:  9    Spells: 11/11 levels left

rFire   . . .      SeeInvis .    Y - +0 war axe
rCold   . . .      Faith    .    c - +0 buckler
rNeg    + . .      Spirit   .    m - +0 chain mail
rPois   inf        Reflect  .    h - +2 helmet {Int+3}
rElec   +          Harm     .    b - +2 cloak
rCorr   .          Rampage  .    (no gloves)
Will    .....                    g - +2 pair of boots {Fly}
Stlth   ..........               (no amulet)
HPRegen 0.23/turn                (no ring)
MPRegen 0.16/turn                (no ring)

@: about to teleport, heroic, corroded, flying
A: sickness immunity, AC +8, negative energy resistance 1, electricity
resistance, torment resistance 1, petrification resistance
a: Renounce Religion, Heroism, Finesse


You were on level 11 of the Dungeon.
You worshipped Okawaru.
Okawaru was greatly pleased with you.
You visited 2 branches of the dungeon, and saw 12 of its levels.
You also visited: Sewer.

You collected 619 gold pieces.


Innate Abilities, Weirdness & Mutations

You are immune to sickness and miasma.
Your stone body is resilient. (AC +8)
You are immune to poison.
You resist negative energy. (rN+)
You are resistant to electric shocks. (rElec)
You are resistant to unholy torment.
You are immune to petrification.


   Skills:
 - Level 10.7(15.7) Fighting
 - Level 12.0(17.0) Axes
 - Level 1.1(6.1) Throwing
 - Level 7.0(12.0) Armour
 - Level 2.2(7.2) Dodging
 + Level 5.6(10.6) Shields
 - Level 10.0 Invocations


You had 11 spell levels left.
You didn't know any spells.
Your spell library was empty.

Inventory:

Hand Weapons
 v - a +3 morningstar
 Y - a +0 war axe (weapon)
Missiles
 p - 12 boomerangs (quivered)
Armour
 b - a +2 cloak (worn)
 c - a +0 buckler (worn)
 g - a +2 pair of boots of flying (worn)
 h - a +2 helmet of intelligence (worn)
 m - a +0 chain mail (worn)
Scrolls
 a - a scroll of identify
 i - a scroll of enchant weapon {unknown}
 q - 3 scrolls of teleportation
Potions
 d - 2 potions of might
 e - a potion of cancellation
 f - a potion of haste
 j - 3 potions of resistance
 k - 2 potions of mutation
 n - 2 potions of lignification
 o - 2 potions of magic
 t - 4 potions of attraction

Dungeon Overview and Level Annotations

Branches:
Dungeon (11/15)            Temple (1/1) D:4            Lair (0/5) D:11
    Orc (0/2) D:9           Sewer (visited)

Altars:
Ashenzari
Cheibriados
Dithmenos
Elyvilon
Fedhas
Gozag
Hepliaklqana
Kikubaaqudgha
Makhleb
Nemelex Xobeh
Okawaru
Qazlal
Ru
Sif Muna
Trog
Uskayaw
Vehumet
Wu Jian
Xom
Yredelemnul
Zin
The Shining One

Shops:
D:5 :


Message History

The oklob plant spits acid at you. The splash of acid hits you!
The acid corrodes you! The acid dragon spits acid at you.
The splash of acid hits you! The acid corrodes you!
The oklob plant spits acid at you. The splash of acid misses you.
You block the acid dragon's attack. The acid dragon barely misses you.
You barely miss the acid dragon. The oklob plant spits acid at you.
The splash of acid misses you.
The acid dragon bites you but does no damage.
You block the acid dragon's attack.
You hit the acid dragon but do no damage.
The oklob plant spits acid at you. The splash of acid hits you!!
The acid dragon spits acid at you.
The splash of acid hits you but does no damage.
The acid corrodes you!
15063 ||| READING 5 scrolls of teleportation.
As you read the scroll of teleportation, it crumbles to dust.
You feel strangely unstable. The acid dragon spits acid at you.
The splash of acid hits you! The acid corrodes you!
You hit the acid dragon but do no damage.
The acid dragon bites you! You block the acid dragon's attack.
You barely miss the acid dragon. You slash the acid dragon!
The acid dragon is moderately wounded.
Your surroundings suddenly seem different.
You start resting.
An acid dragon is nearby!
15068 ||| READING 4 scrolls of teleportation.
As you read the scroll of teleportation, it crumbles to dust.
You feel strangely unstable. The acid dragon spits acid at you.
The splash of acid hits you! The acid corrodes you!
You hit the acid dragon but do no damage.
The acid dragon is moderately wounded.
The acid dragon bites you!
You die...

#....# #....# #....# # #....#
#. #....+ #.+.####...^##
...........D.# #.....#.#@# .
..~...#..#.#.### #.
#...#..#.#.#...#
#.##..P##.#.#.###.#
#...PPPP..#.#.# #.#
#~..P>PP.~#>#.###.#
#...PPPP..#.#.....# #.
#PP.##.#.......##########
.#..#...#..####...(.........#


You could see an acid dragon (catching breath).

Vanquished Creatures
  Harold (D:11)
  A two-headed ogre (D:10)
  An ugly thing (D:11)
  A manticore (D:11)
  A cyclops (D:11)
  A gargoyle (D:9)
  Psyche (D:10)
  A troll (D:8)
  A hornet (D:10)
  A wyvern (D:10)
  Sigmund (D:2)
  16 yaks
  A vampire (D:11)
  4 steam dragons
  Eustachio (D:5)
  3 vampire mosquitoes (D:7)
  2 acid dragons
  2 water moccasins
  2 ice beasts (D:7)
  3 orc warriors
  3 ogres
  2 black bears
  3 centaurs
  3 kobold brigands
  A bullfrog (D:7)
  2 scorpions
  14 wights
  A jelly (D:5)
  23 killer bees
  A howler monkey (D:10)
  A gnoll bouda (D:7)
  4 hounds
  3 orc priests
  A human zombie (D:4)
  2 human skeletons (D:4)
  Jessica (D:2)
  Terence (D:3)
  3 iguanas
  12 orc wizards
  11 adders
  11 gnolls
  4 river rats (Sewer)
  A white imp (D:7)
  2 ufetubi
  5 worms
  2 dart slugs
  39 orcs
  10 endoplasms
  A giant cockroach (D:1)
  A goblin (D:4)
  6 hobgoblins
  3 jackals (D:4)
  2 quokkas
  13 ball pythons
  4 bats
  4 frilled lizards
  19 kobolds
  3 orc skeletons (D:4)
  24 rats
  A spectral orc (D:3)
292 creatures vanquished.

Notes
Turn   | Place    | Note
-------+----------+-------------------------------------------
     0 | D:1      | qw the Gargoyle Fighter began the quest for the Orb.
     0 | D:1      | Reached XP level 1. HP: 14/14 MP: 1/1
     0 | D:1      | 0 ||| qw: Version: 0.2-a-12-gaebbb33
     0 | D:1      | 0 ||| qw: Game counter: 798
     0 | D:1      | 0 ||| qw: Always use a shield: true
     0 | D:1      | 0 ||| qw: God list: Okawaru
     0 | D:1      | 0 ||| qw: Allow faded altars: false
     0 | D:1      | 0 ||| qw: Do Orc after D:15 true
     0 | D:1      | 0 ||| qw: Do second Lair branch before Depths: true
     0 | D:1      | 0 ||| qw: Lair rune preference: random
     0 | D:1      | 0 ||| qw: Plans: Normal, Zot:1-4, God:TSO, Crypt, Tomb,
                  | Pan, Slime:5, Hells, Abyss, Orb
     0 | D:1      | 0 ||| PLANNING D:1-11
    94 | D:1      | Reached skill level 2 in Axes
   447 | D:1      | Reached XP level 2. HP: 19/19 MP: 2/2
   717 | D:1      | 717 ||| UPGRADING to +0 helmet.
   722 | D:1      | 722 ||| UPGRADING to +2 helmet of intelligence.
   732 | D:1      | 732 ||| DROPPING +0 helmet.
   733 | D:1      | 733 ||| READING scroll labelled XOAT UHOS KAPH.
   734 | D:1      | 734 ||| DRINKING 2 fuming silvery potions.
   801 | D:2      | 801 ||| STAIRDANCE
   889 | D:2      | Reached skill level 3 in Axes
   994 | D:2      | Reached XP level 3. HP: 7/23 MP: 3/3
  1530 | D:2      | Noticed Sigmund
  1531 | D:2      | 1531 ||| Stepping ~*~*~tactically~*~*~ (hiding).
  1544 | D:2      | Killed Sigmund
  1545 | D:2      | Reached skill level 5 in Axes
  1545 | D:2      | Reached XP level 4. HP: 17/28 MP: 4/4
  1545 | D:2      | Reached XP level 5. HP: 19/32 MP: 5/5
  1953 | D:2      | Noticed Jessica
  1954 | D:2      | 1954 ||| Stepping ~*~*~tactically~*~*~ (stealth).
  1979 | D:2      | Killed Jessica
  1980 | D:2      | Reached XP level 6. HP: 26/38 MP: 6/6
  2205 | D:2      | 2205 ||| READING 2 scrolls labelled QEIDORA CU HOEQI.
  2206 | D:2      | 2206 ||| READING 2 scrolls labelled ITIAFO QEIRCHAT.
  2220 | D:3      | 2220 ||| PLANNING SEWER
  2226 | D:3      | HP: 5/38 [orc priest/+0 trident (6)]
  2227 | D:3      | 2227 ||| READING scroll of teleportation.
  2230 | D:3      | HP: 2/38 [orc wizard/+0 dagger (2)]
  2580 | D:3      | Reached skill level 1 in Dodging
  2620 | D:3      | Found a glowing drain.
  2629 | D:3      | 2629 ||| FLEEEEING.
  2630 | D:3      | 2630 ||| FLEEEEING.
  2631 | D:3      | 2631 ||| FLEEEEING.
  2775 | Sewer    | Entered a sewer
  3121 | Sewer    | Reached skill level 6 in Axes
  3303 | Sewer    | 3303 ||| Stepping ~*~*~tactically~*~*~ (stealth).
  3359 | Sewer    | 3359 ||| DROPPING +0 whip.
  3494 | Sewer    | 3494 ||| DRINKING 3 pink potions.
  3495 | Sewer    | 3495 ||| READING 3 scrolls of identify.
  3495 | Sewer    | 3495 ||| IDENTIFYING bubbling purple potion
  3496 | Sewer    | 3496 ||| READING 2 scrolls of identify.
  3496 | Sewer    | 3496 ||| IDENTIFYING fizzy golden potion
  3497 | Sewer    | 3497 ||| DROPPING potion of invisibility.
  3523 | D:3      | 3523 ||| PLANNING D:1-11
  3557 | D:3      | 3557 ||| Stepping ~*~*~tactically~*~*~ (stealth).
  3560 | D:3      | 3560 ||| Stepping ~*~*~tactically~*~*~ (stealth).
  3566 | D:3      | Reached XP level 7. HP: 35/43 MP: 7/7
  3627 | D:3      | Found a hazy altar of Hepliaklqana.
  3647 | D:3      | 3647 ||| Stepping ~*~*~tactically~*~*~ (stealth).
  3650 | D:3      | 3650 ||| Stepping ~*~*~tactically~*~*~ (stealth).
  3653 | D:3      | 3653 ||| Stepping ~*~*~tactically~*~*~ (hiding).
  3732 | D:3      | 3732 ||| Stepping ~*~*~tactically~*~*~ (stealth).
  3735 | D:3      | 3735 ||| Stepping ~*~*~tactically~*~*~ (stealth).
  3736 | D:3      | 3736 ||| Stepping ~*~*~tactically~*~*~ (stealth).
  3737 | D:3      | 3737 ||| Stepping ~*~*~tactically~*~*~ (stealth).
  4082 | D:3      | Noticed Terence
  4083 | D:3      | 4083 ||| Stepping ~*~*~tactically~*~*~ (stealth).
  4084 | D:3      | 4084 ||| Stepping ~*~*~tactically~*~*~ (stealth).
  4086 | D:3      | 4086 ||| Stepping ~*~*~tactically~*~*~ (stealth).
  4091 | D:3      | 4091 ||| Stepping ~*~*~tactically~*~*~ (stealth).
  4092 | D:3      | 4092 ||| Stepping ~*~*~tactically~*~*~ (stealth).
  4093 | D:3      | 4093 ||| Stepping ~*~*~tactically~*~*~ (stealth).
  4099 | D:3      | Killed Terence
  4333 | D:3      | Found a faded altar of an unknown god.
  4420 | D:3      | 4420 ||| UPGRADING to +0 chain mail.
  4430 | D:3      | 4430 ||| DROPPING +0 scale mail.
  4431 | D:3      | 4431 ||| DRINKING 2 golden potions.
  4447 | D:4      | 4447 ||| PLANNING OSSUARY
  4454 | D:4      | 4454 ||| DRINKING 2 potions of curing.
  4454 | D:4      | 4454 ||| (to cure confusion)
  4464 | D:4      | 4464 ||| DRINKING potion of curing.
  4464 | D:4      | 4464 ||| (to cure confusion)
  4472 | D:4      | 4472 ||| Stepping ~*~*~tactically~*~*~ (stealth).
  4478 | D:4      | 4478 ||| Stepping ~*~*~tactically~*~*~ (stealth).
  4535 | D:4      | Reached skill level 7 in Axes
  4798 | D:4      | 4798 ||| Stepping ~*~*~tactically~*~*~ (stealth).
  4799 | D:4      | 4799 ||| Stepping ~*~*~tactically~*~*~ (stealth).
  4800 | D:4      | 4800 ||| Stepping ~*~*~tactically~*~*~ (stealth).
  4808 | D:4      | 4808 ||| Stepping ~*~*~tactically~*~*~ (hiding).
  5004 | D:4      | 5004 ||| Stepping ~*~*~tactically~*~*~ (stealth).
  5008 | D:4      | 5008 ||| Stepping ~*~*~tactically~*~*~ (stealth).
  5015 | D:4      | 5015 ||| Stepping ~*~*~tactically~*~*~ (stealth).
  5016 | D:4      | 5016 ||| Stepping ~*~*~tactically~*~*~ (stealth).
  5020 | D:4      | 5020 ||| Stepping ~*~*~tactically~*~*~ (stealth).
  5029 | D:4      | Found a staircase to the Ecumenical Temple.
  5201 | D:4      | 5201 ||| RIP OSSUARY
  5203 | D:4      | 5203 ||| PLANNING TEMPLE
  5204 | D:4      | 5204 ||| UPGRADING to +2 cloak.
  5209 | D:4      | 5209 ||| DRINKING 2 sedimented ruby potions.
  5241 | Temple   | Entered the Ecumenical Temple
  5242 | Temple   | 5242 ||| PLANNING OKAWARU WORSHIP
  5508 | Temple   | Became a worshipper of Warmaster Okawaru
  5509 | Temple   | 5509 ||| PLANNING D:1-11
  5636 | D:4      | 5636 ||| READING 2 scrolls of identify.
  5636 | D:4      | 5636 ||| IDENTIFYING silvery potion
  5637 | D:4      | 5637 ||| DROPPING potion of degeneration.
  5662 | D:5      | Entered Level 5 of the Dungeon
  5664 | D:5      | 5664 ||| STAIRDANCE
  5673 | D:4      | Reached skill level 1 in Throwing
  5729 | D:5      | Reached XP level 8. HP: 23/49 MP: 8/8
  5985 | D:5      | 5985 ||| Stepping ~*~*~tactically~*~*~ (stealth).
  6060 | D:5      | Found a broken altar of Ashenzari.
  6078 | D:5      | 6078 ||| Stepping ~*~*~tactically~*~*~ (stealth).
  6163 | D:5      | 6163 ||| Stepping ~*~*~tactically~*~*~ (stealth).
  6164 | D:5      | 6164 ||| Stepping ~*~*~tactically~*~*~ (stealth).
  6284 | D:5      | 6284 ||| FLEEEEING.
  6285 | D:5      | 6285 ||| FLEEEEING.
  6286 | D:5      | 6286 ||| FLEEEEING.
  6287 | D:5      | 6287 ||| FLEEEEING.
  6288 | D:5      | 6288 ||| FLEEEEING.
  6289 | D:5      | 6289 ||| FLEEEEING.
  6290 | D:5      | 6290 ||| FLEEEEING.
  6291 | D:5      | 6291 ||| FLEEEEING.
  6487 | D:5      | 6487 ||| Stepping ~*~*~tactically~*~*~ (hiding).
  6499 | D:5      | Reached skill level 8 in Axes
  6619 | D:5      | Noticed Eustachio
  6648 | D:5      | Killed Eustachio
  6648 | D:5      | Reached * piety under Okawaru
  6797 | D:5      | Reached skill level 1 in Invocations
  6854 | D:5      | 6854 ||| INVOKING Heroism.
  6939 | D:5      | Found Wased's Tremendous Tomes.
  7028 | D:5      | 7028 ||| READING scroll labelled ENANOF SIEGAR.
  7029 | D:5      | 7029 ||| READING scroll labelled CUGOGE RONOAS.
  7030 | D:5      | 7030 ||| READING scroll labelled LABLAM YGRIO.
  7031 | D:5      | 7031 ||| READING scroll labelled UFI QIOSCHYDEW.
  7032 | D:5      | 7032 ||| DRINKING 3 bubbling inky potions.
  7033 | D:5      | 7033 ||| READING 3 scrolls of identify.
  7033 | D:5      | 7033 ||| IDENTIFYING green potion
  7034 | D:5      | 7034 ||| DRINKING potion of experience.
  7034 | D:5      | Reached skill level 9 in Invocations
  7034 | D:5      | Reached XP level 9. HP: 63/63 MP: 9/16
  7081 | D:5      | 7081 ||| READING 2 scrolls of identify.
  7081 | D:5      | 7081 ||| IDENTIFYING viscous brown potion
  7082 | D:5      | 7082 ||| DROPPING potion of berserk rage.
  7131 | D:6      | 7131 ||| INVOKING Heroism.
  7178 | D:6      | 7178 ||| INVOKING Heroism.
  7386 | D:6      | 7386 ||| INVOKING Heroism.
  7400 | D:6      | 7400 ||| Stepping ~*~*~tactically~*~*~ (cloud).
  8289 | D:6      | 8289 ||| READING 2 scrolls of identify.
  8289 | D:6      | 8289 ||| IDENTIFYING fizzy coppery potion
  8290 | D:6      | 8290 ||| DROPPING potion of ambrosia.
  8327 | D:7      | 8327 ||| Stepping ~*~*~tactically~*~*~ (hiding).
  8328 | D:7      | 8328 ||| Stepping ~*~*~tactically~*~*~ (hiding).
  8331 | D:7      | 8331 ||| Stepping ~*~*~tactically~*~*~ (hiding).
  8357 | D:7      | 8357 ||| Stepping ~*~*~tactically~*~*~ (stealth).
  8360 | D:7      | 8360 ||| Stepping ~*~*~tactically~*~*~ (stealth).
  8362 | D:7      | 8362 ||| Stepping ~*~*~tactically~*~*~ (stealth).
  8367 | D:7      | 8367 ||| INVOKING Heroism.
  8378 | D:7      | Reached XP level 10. HP: 48/68 MP: 15/17
  8389 | D:7      | Reached skill level 9 in Axes
  8407 | D:7      | 8407 ||| Stepping ~*~*~tactically~*~*~ (stealth).
  8409 | D:7      | 8409 ||| FLEEEEING.
  8416 | D:7      | 8416 ||| FLEEEEING.
  8417 | D:7      | 8417 ||| FLEEEEING.
  8418 | D:7      | 8418 ||| STAIRDANCE
  8559 | D:7      | 8559 ||| Stepping ~*~*~tactically~*~*~ (hiding).
  8560 | D:7      | 8560 ||| Stepping ~*~*~tactically~*~*~ (hiding).
  8565 | D:7      | 8565 ||| INVOKING Heroism.
  8567 | D:7      | 8567 ||| STAIRDANCE
  8622 | D:7      | 8622 ||| Stepping ~*~*~tactically~*~*~ (hiding).
  8626 | D:7      | 8626 ||| INVOKING Heroism.
  8721 | D:7      | 8721 ||| Stepping ~*~*~tactically~*~*~ (hiding).
  8904 | D:7      | 8904 ||| INVOKING Heroism.
  8913 | D:7      | Reached ** piety under Okawaru
  9049 | D:7      | 9049 ||| INVOKING Heroism.
  9299 | D:7      | 9299 ||| INVOKING Heroism.
  9302 | D:7      | 9302 ||| Stepping ~*~*~tactically~*~*~ (cloud).
  9307 | D:7      | 9307 ||| READING 2 scrolls labelled SOMUDWIFEU.
  9472 | D:7      | 9472 ||| INVOKING Heroism.
  9636 | D:7      | 9636 ||| READING 3 scrolls labelled NOIN KU SEYB.
  9637 | D:7      | 9637 ||| DROPPING scroll of amnesia.
  9638 | D:7      | 9638 ||| DROPPING 2 scrolls of immolation.
  9662 | D:8      | 9662 ||| Stepping ~*~*~tactically~*~*~ (stealth).
  9667 | D:8      | 9667 ||| Stepping ~*~*~tactically~*~*~ (stealth).
  9670 | D:8      | 9670 ||| INVOKING Heroism.
  9685 | D:8      | 9685 ||| DRINKING potion of curing.
  9685 | D:8      | 9685 ||| (to cure confusion)
  9739 | D:8      | 9739 ||| FLEEEEING.
  9740 | D:8      | 9740 ||| FLEEEEING.
  9741 | D:8      | 9741 ||| FLEEEEING.
  9743 | D:8      | 9743 ||| FLEEEEING.
  9744 | D:8      | 9744 ||| FLEEEEING.
  9745 | D:8      | 9745 ||| FLEEEEING.
  9746 | D:8      | 9746 ||| FLEEEEING.
  9747 | D:8      | 9747 ||| FLEEEEING.
  9748 | D:8      | 9748 ||| FLEEEEING.
  9749 | D:8      | 9749 ||| FLEEEEING.
  9750 | D:8      | 9750 ||| FLEEEEING.
  9751 | D:8      | 9751 ||| FLEEEEING.
  9752 | D:8      | 9752 ||| FLEEEEING.
  9758 | D:8      | 9758 ||| STAIRDANCE
  9976 | D:7      | 9976 ||| UPGRADING to +1 pair of boots of flying.
  9981 | D:7      | 9981 ||| READING scroll labelled RUOGETHRAXO.
  9984 | D:8      | 9984 ||| STAIRDANCE
 10077 | D:8      | 10077 ||| STAIRDANCE
 10164 | D:8      | 10164 ||| STAIRDANCE
 10298 | D:8      | 10298 ||| INVOKING Heroism.
 10437 | D:8      | Found a radiant altar of Vehumet.
 10441 | D:8      | Found a glowing silver altar of Zin.
 10443 | D:8      | Found a basalt altar of Yredelemnul.
 10449 | D:8      | 10449 ||| INVOKING Heroism.
 10461 | D:8      | Reached skill level 10 in Axes
 10471 | D:8      | 10471 ||| DRINKING potion of curing.
 10471 | D:8      | 10471 ||| (to cure confusion)
 11080 | D:8      | 11080 ||| INVOKING Heroism.
 11142 | D:8      | 11142 ||| DROPPING +0 vorpal flail.
 11218 | D:8      | 11218 ||| READING 4 scrolls of identify.
 11218 | D:8      | 11218 ||| IDENTIFYING fizzy black potion
 11219 | D:8      | 11219 ||| READING 3 scrolls of identify.
 11219 | D:8      | 11219 ||| IDENTIFYING bubbling cyan potion
 11220 | D:8      | 11220 ||| READING 2 scrolls of identify.
 11220 | D:8      | 11220 ||| IDENTIFYING yellow potion
 11273 | D:9      | Reached skill level 6 in Armour
 11398 | D:9      | 11398 ||| Stepping ~*~*~tactically~*~*~ (hiding).
 11406 | D:9      | Reached *** piety under Okawaru
 11455 | D:9      | Found a staircase to the Orcish Mines.
 11524 | D:9      | 11524 ||| DROPPING +2 flail.
 11568 | D:9      | Found a sparkling altar of Nemelex Xobeh.
 11675 | D:9      | 11675 ||| INVOKING Heroism.
 11686 | D:9      | Reached XP level 11. HP: 68/73 MP: 16/18
 11847 | D:9      | 11847 ||| INVOKING Heroism.
 11855 | D:9      | 11855 ||| DRINKING potion of curing.
 11855 | D:9      | 11855 ||| (to cure confusion)
 11884 | D:9      | 11884 ||| INVOKING Heroism.
 11929 | D:9      | 11929 ||| Stepping ~*~*~tactically~*~*~ (hiding).
 12224 | D:9      | 12224 ||| INVOKING Heroism.
 12454 | D:9      | 12454 ||| DROPPING +2 helmet.
 12455 | D:9      | 12455 ||| READING 2 scrolls labelled TOGGIASARCH.
 12456 | D:9      | 12456 ||| DROPPING scroll of blinking.
 12472 | D:10     | Entered Level 10 of the Dungeon
 12481 | D:10     | Noticed Psyche
 12482 | D:10     | 12482 ||| INVOKING Heroism.
 12486 | D:10     | Killed Psyche
 12523 | D:10     | Reached **** piety under Okawaru
 12524 | D:10     | Reached skill level 11 in Axes
 12570 | D:10     | 12570 ||| Stepping ~*~*~tactically~*~*~ (stealth).
 12579 | D:10     | 12579 ||| Stepping ~*~*~tactically~*~*~ (stealth).
 12733 | D:10     | Noticed a two-headed ogre
 12734 | D:10     | 12734 ||| INVOKING Heroism.
 12742 | D:10     | Killed a two-headed ogre
 12840 | D:10     | 12840 ||| INVOKING Heroism.
 12874 | D:10     | 12874 ||| INVOKING Heroism.
 12875 | D:10     | 12875 ||| Stepping ~*~*~tactically~*~*~ (cloud).
 13105 | D:10     | Found a flagged portal.
 13120 | D:10     | 13120 ||| Stepping ~*~*~tactically~*~*~ (stealth).
 13122 | D:10     | 13122 ||| Stepping ~*~*~tactically~*~*~ (stealth).
 13507 | D:10     | 13507 ||| DRINKING 2 metallic grey potions.
 13508 | D:10     | 13508 ||| DROPPING potion of brilliance.
 13558 | D:10     | 13558 ||| INVOKING Heroism.
 13704 | D:11     | 13704 ||| STAIRDANCE
 13712 | D:11     | Noticed a manticore
 13713 | D:11     | 13713 ||| STAIRDANCE
 13730 | D:11     | 13730 ||| STAIRDANCE
 13741 | D:11     | 13741 ||| STAIRDANCE
 13788 | D:11     | 13788 ||| STAIRDANCE
 13841 | D:11     | 13841 ||| STAIRDANCE
 13895 | D:11     | 13895 ||| INVOKING Heroism.
 13902 | D:11     | Killed a manticore
 14081 | D:11     | Found a staircase to the Lair.
 14081 | D:11     | Noticed an oklob plant
 14082 | D:11     | 14082 ||| INVOKING Heroism.
 14084 | D:11     | Noticed an oklob plant
 14085 | D:11     | Noticed an oklob plant
 14092 | D:11     | 14092 ||| READING 5 scrolls of teleportation.
 14092 | D:11     | HP: 8/73 [oklob plant/splash of acid (17)]
 14093 | D:11     | 14093 ||| DRINKING potion of heal wounds.
 14305 | D:11     | Found a hide-covered altar of Uskayaw.
 14309 | D:11     | 14309 ||| Stepping ~*~*~tactically~*~*~ (stealth).
 14311 | D:11     | 14311 ||| Stepping ~*~*~tactically~*~*~ (hiding).
 14340 | D:11     | Noticed Harold
 14341 | D:11     | 14341 ||| INVOKING Heroism.
 14356 | D:11     | Killed Harold
 14504 | D:11     | Noticed a cyclops
 14505 | D:11     | 14505 ||| INVOKING Heroism.
 14517 | D:11     | Killed a cyclops
 14562 | D:11     | Reached skill level 12 in Axes
 14723 | D:11     | 14723 ||| READING scroll of enchant armour.
 14723 | D:11     | 14723 ||| ENCHANTING +1 pair of boots of flying.
 14740 | D:11     | 14740 ||| Stepping ~*~*~tactically~*~*~ (stealth).
 14743 | D:11     | 14743 ||| Stepping ~*~*~tactically~*~*~ (stealth).
 14790 | D:11     | Reached XP level 12. HP: 68/79 MP: 19/19
 14896 | D:11     | 14896 ||| INVOKING Heroism.
 15059 | D:11     | 15059 ||| INVOKING Heroism.
 15063 | D:11     | 15063 ||| READING 5 scrolls of teleportation.
 15064 | D:11     | HP: 16/79 [acid dragon (9)]
 15068 | D:11     | 15068 ||| READING 4 scrolls of teleportation.
 15068 | D:11     | HP: 1/79 [acid dragon/splash of acid (16)]
 15069 | D:11     | Mangled by an acid dragon

Levels and vault maps discovered:
D:1:      roderic_crossed_star, layout_loops_ring, skrybe_limestone_x
D:2:      minmay_skewed_foursquare, layout_rooms, uniq_jessica, uniq_sigmund
D:3:      layout_loops_ring, nicolae_hepliaklqana_monster_ancestors,
          nicolae_ecumenical_snake_handling, cheibrodos_sewer_entry_sluice,
          uniq_terence
D:4:      layout_rooms, minmay_temple_entry_junction,
          nicolae_ossuary_entry_catacombs
D:5:      layout_gridville, ashenzari_altar_1, nicolae_shop_i_like_big_books,
          uniq_eustachio
D:6:      layout_layer_cave
D:7:      layout_loops_ring
D:8:      layout_cave_pods, chequers_temple_overflow_statue_of_worship,
          st_stairs_12, chequers_serial_rivers_micro_b, corexii_leaking_fountain
D:9:      layout_roguey, nemelex_spade_bored_becter, orc_0_dummy
D:10:     layout_loops_ring, enter_bailey_2, uniq_psyche
D:11:     layout_basic, dpeg_oklobed_lair, eat_drink_and_be_merry_uskayaw,
          uniq_harold
Temple:   compressed_dpeg_triangle_lava_temple

Skill      XL: |  1  2  3  4  5  6  7  8  9 10 11 |
---------------+----------------------------------+-----
Axes           | 2 3 5 6 7 8 10 12 | 12.0
Fighting       | 4 5 10 | 10.7
Dodging        | 1 2 |  2.2
Throwing       | 1 |  1.1
Armour         | 4 6 7 |  7.0
Invocations    | 9 10 | 10.0
Shields        | 4 5 |  5.6

Action                   |  1- 3 |  4- 6 |  7- 9 | 10-12 || total
-------------------------+-------+-------+-------+-------++-------
Melee: War axe           |    75 |   202 |   296 |   561 ||  1134
Throw: Boomerang         |       |       |    45 |    52 ||    97
Invok: Heroism           |       |       |     5 |    25 ||    30
  Use: Scroll            |     1 |     5 |     8 |    11 ||    25
       Potion            |     1 |     1 |     6 |     5 ||    13
Armor: Scale mail        |    30 |   114 |    18 |       ||   162
       Chain mail        |       |       |   189 |   377 ||   566
Dodge: Dodged            |    34 |    90 |   129 |   230 ||   483
Block: Buckler           |    17 |    33 |    57 |   129 ||   236

Table legend:
 A = Non-vault XP
 B = Vault XP
 C = Vault XP percentage of total XP
 D = Non-vault monster count
 E = Vault monster count
 F = Vault count percentage of total count
                 A         B        C        D         E       F
            +---------+---------+-------+---------+---------+-------
      Total |   14959 |    2139 |  12.5 |     225 |      67 |  22.9
            +---------+---------+-------+---------+---------+-------
        D:1 |      29 |       0 |   0.0 |      12 |       0 |   0.0
        D:2 |      49 |     279 |  85.1 |      14 |       8 |  36.4
        D:3 |     147 |      74 |  33.5 |      20 |      11 |  35.5
        D:4 |     219 |     120 |  35.4 |      28 |       6 |  17.6
        D:5 |     608 |     196 |  24.4 |      18 |       1 |   5.3
        D:6 |     761 |       0 |   0.0 |      10 |       0 |   0.0
        D:7 |    2375 |       0 |   0.0 |      34 |       0 |   0.0
        D:8 |    1703 |      35 |   2.0 |      23 |       1 |   4.2
        D:9 |    2708 |       0 |   0.0 |      26 |       0 |   0.0
       D:10 |    4302 |     365 |   7.8 |      26 |       1 |   3.7
       D:11 |    2058 |     868 |  29.7 |      14 |       1 |   6.7
      Sewer |       0 |     202 | 100.0 |       0 |      38 | 100.0
            +---------+---------+-------+---------+---------+-------
